 Dungeon Crawl Stone Soup version 0.19-a0-1875-g4fea3da (webtiles) character file.

37416 Goblin1989 the Quickloader (level 13, -10/70 HPs)
             Began as a Spriggan Berserker on Oct 13, 2016.
             Was an Elder of Trog.
             Killed by divine providence
             ... invoked by an orc priest
             ... led by an orc knight
              (12 damage)
             ... on level 2 of the Orcish Mines.
             The game lasted 01:11:19 (21853 turns).

Goblin1989 the Quickloader (Spriggan Berserker)    Turns: 21853, Time: 01:11:20

Health: -10/70     AC: 10    Str: 19    XL:     13   Next: 58%
Magic:  4/4        EV: 27    Int: 10    God:    Trog [****..]
Gold:   1077       SH:  0    Dex: 15    Spells: 0 memorised, 12 levels left

rFire  + . .     SeeInvis +     a - +9 dagger "Cuotes" {antimagic, rPois SInv}
rCold  + + .     Gourm    .     K - +3 troll leather armour
rNeg   . . .     Faith    .     (shield restricted)
rPois  +         Spirit   .     (helmet restricted)
rElec  +         Dismiss  .     d - +0 cloak
rCorr  +         Reflect  .     (gloves unavailable)
MR     +++..     Harm     .     (boots unavailable)
Stlth  +......... Rnd*Rage +    (no amulet)
                                (no ring)
                                c - ring of protection from cold

@: resistant, very quick
A: unfitting armour, hooves 1, molten scales 1, see invisible, berserk 1,
herbivore 3, speed 3, magic resistance 1, slow metabolism 2, strong 1, subdued
magic 1
a: Berserk, Trog's Hand, Brothers in Arms, Burn Spellbooks, Renounce Religion


You were on level 2 of the Orcish Mines.
You worshipped Trog.
Trog was greatly pleased with you.
You were not hungry.

You visited 3 branches of the dungeon, and saw 20 of its levels.
You also visited: Ice Cave and Volcano.

You collected 1194 gold pieces.
You spent 117 gold pieces at shops.

Inventory:

Hand Weapons
 a - the +9 dagger "Cuotes" (weapon) {antimagic, rPois SInv}
   (You found it on level 5 of the Dungeon)

   It reduces the magical energy of the wielder, and disrupts the spells and
   magical abilities of those hit.
   Natural abilities and divine invocations are not affected.
   It protects you from poison.
   It lets you see invisible.
 b - a +1 hand crossbow of flaming
 o - a +0 arbalest
 u - a +6 demon blade of flaming
Missiles
 n - 2 needles of paralysis
 p - 166 bolts
 x - 3 curare-tipped needles
 Z - 3 throwing nets (quivered)
Armour
 d - a +0 cloak (worn)
 K - a +3 troll leather armour (worn)
Jewellery
 c - a ring of protection from cold (left hand)
 F - an uncursed ring of positive energy
 M - an uncursed ring of protection from cold
Wands
 k - a wand of lightning (12/15)
 y - a wand of random effects (21/48)
 A - a wand of digging (8/24)
 C - a wand of flame (21/48)
 E - a wand of enslavement (7/24)
 H - a wand of disintegration (13/24)
 L - a wand of lightning (8/15)
 P - a wand of paralysis (6/24)
Scrolls
 e - 11 scrolls of remove curse {@r2}
 f - 3 scrolls of recharging {unknown}
 r - 3 scrolls of fog
 B - a scroll of blinking
 T - 7 scrolls of teleportation {@r4}
Potions
 g - 5 potions of lignification {!q}
 i - 4 potions of heal wounds {@q2}
 j - 3 potions of agility
 l - 5 potions of haste {@q3}
 m - 6 potions of curing {@q1}
 q - 4 potions of berserk rage {!q}
 s - a potion of cancellation
 t - 3 potions of resistance
 v - a potion of brilliance {unknown}
 w - 3 potions of magic
 z - 4 potions of might
 D - a potion of ambrosia
 I - a potion of invisibility {unknown}
 J - a potion of flight
Comestibles
 h - 4 fruits
 G - 14 bread rations {@e1}


   Skills:
 + Level 9.0 Fighting
 - Level 11.0 Short Blades
   Level 4.7 Maces & Flails
 * Level 14.6 Crossbows
 - Level 3.7 Armour
 + Level 12.7 Dodging


You had 12 spell levels left.
You didn't know any spells.

Dungeon Overview and Level Annotations

Branches:
Dungeon (12/15)            Temple (0/1) D:4            Lair (6/6) D:9
 Shoals (0/4) Lair:2        Snake (0/4) Lair:2        Slime (0/5) Lair:5
    Orc (2/2) D:12
    Elf: Orc:2

Altars:
Trog
Yredelemnul

Shops:
D:4 (   D:5 [   D:10 [

Annotations:
D:4 1 runed door
Orc:2 Azrael


Innate Abilities, Weirdness & Mutations

You are very small and have problems with some larger weapons.
You are too small for most types of armour.
You have supernaturally acute eyesight. (SInv)
You are a herbivore.
You cover ground extremely quickly.
You need consume almost no food.
You have large cloven feet.
You are partially covered in molten scales. (AC +2)
You tend to lose your temper in combat.
You are resistant to hostile enchantments. (MR+)
Your muscles are strong. (Str +2)
Your spells are a little easier to cast, but a little less powerful.


Message History

An ogre comes into view. It is wielding a giant spiked club.
The orc warrior throws a tomahawk.
The tomahawk completely misses you.
The orc priest miscasts a cantrip.
The warg is engulfed in roaring flames.
The orc knight roars a battlecry!
The orcs go into a battle-frenzy!
Found 27 gold pieces.
The orc sorcerer gestures at you while chanting.
The bolt of fire misses the fire elemental.
The bolt of fire hits you! You resist.
* * * LOW HITPOINT WARNING * * *
You take 7 damage, and have 14/70 hp.
The orc sorcerer gestures wildly while chanting.
The orc priest mumbles some strange prayers to Beogh against you.
Beogh smites you!
* * * LOW HITPOINT WARNING * * *
You take 13 damage, and have 1/70 hp.
The orc priest invokes the aid of Beogh against you.
Beogh smites you!
You die...

....ਜ ਜ.$.... ਜਜ......
. ਜ......ਜ.ਜ. ਜਜ...
...ਜ.ਜ. ...$ਜ......ਜ..
ਜਜ.ਜਜ.ਜਜ....ਜ...
ਜਜ.@..............
ਜ..................
ਜਜ...............O..
....ਜ..EEE...........$
.........§Eh...........
.ਜਜਜ.ਜਜ$..§§§4(........
ਜ.ਜਜ....oRh§.........
ਜ.......oo.§h§........
ਜਜ........h§§.......$.


You could see Azrael, an orc knight, 4 fire elementals, an orc sorcerer, a red
devil, 3 hell hounds and an orc priest.

Vanquished Creatures
  Josephine (D:10)
  5 death yaks (Lair:4)
  Urug (Lair:3)
  Sonja (Lair:4)
  A cyclops (D:12)
  An ugly thing (D:12)
  The ghost of graki42 the Covert, a novice OpMo (D:6)
  A siren (Lair:2)
  4 elephants
  5 black mambas
  An ice statue (IceCv)
  6 spiny frogs
  A rime drake (Lair:6)
  3 komodo dragons
  4 trolls
  9 polar bears
  11 blink frogs
  3 hippogriffs
  A wyvern (D:8)
  A spriggan (D:11)
  29 yaks
  4 wraiths (D:10)
  A shadow (D:12)
  2 basilisks (Lair:2)
  4 vampire mosquitoes (D:12)
  2 hell hounds (Lair:3)
  12 water moccasins
  10 porcupines
  3 black bears
  5 sky beasts
  5 ice beasts
  4 orc warriors
  2 eyes of draining
  4 ogres
  2 phantoms
  A necrophage (D:10)
  15 wolves
  3 centaurs
  8 crocodiles
  2 big kobolds
  9 bullfrogs
  A wyvern skeleton (D:10)
  3 scorpions
  A water moccasin skeleton (D:9)
  14 wights
  8 killer bees
  5 electric eels (D:11)
  9 crimson imps
  A bullfrog skeleton (D:10)
  A centaur skeleton (D:7)
  7 jellies
  4 centaur zombies
  A bullfrog zombie (D:12)
  9 orc priests
  3 hounds
  6 orc wizards
  5 iguanas
  6 worker ants
  A hound skeleton (D:10)
  2 worker ant zombies
  5 gnolls
  A howler monkey skeleton (D:9)
  25 adders
  2 shadow imps
  4 oozes
  2 adder skeletons
  An adder zombie (D:9)
  4 worms (D:3)
  2 dart slugs
  4 leopard geckos
  54 orcs
  9 giant cockroaches
  8 goblins
  8 hobgoblins
  4 jackals (D:8)
  14 kobolds
  7 quokkas
  2 ball pythons
  8 bats
  3 frilled lizards
  A goblin zombie (D:4)
  A jackal zombie (D:4)
  A quokka skeleton (D:9)
  4 rats
449 creatures vanquished.

Vanquished Creatures (collateral kills)
  A red draconian (Volcano)
  An ogre mage (Volcano)
  An orc sorcerer (D:12)
  2 sirens (Lair:2)
  A merfolk (Lair:2)
  6 two-headed ogres (Volcano)
  2 yaks (IceCv)
  2 orc warriors (D:12)
  2 wolves (IceCv)
  An ogre (D:12)
  2 gnoll sergeants (D:12)
  5 gnolls (D:12)
26 creatures vanquished.

Vanquished Creatures (others)
  A polar bear (IceCv)
  3 yaks (IceCv)
  10 wolves (IceCv)
  A worker ant (D:11)
  3 fungi
  3 plants
21 creatures vanquished.

Grand Total: 496 creatures vanquished

Notes
Turn   | Place    | Note
-------+----------+-------------------------------------------
     0 | D:1      | Goblin1989 the Spriggan Berserker began the quest for the Orb.
     0 | D:1      | Reached XP level 1. HP: 11/11 MP: 2/2
    15 | D:1      | Noticed a rime drake
    15 | D:1      | Noticed a killer bee
    15 | D:1      | Noticed a water moccasin
    15 | D:1      | Noticed a lindwurm
   240 | D:1      | Reached XP level 2. HP: 12/16 MP: 3/3
   973 | D:1      | Reached XP level 3. HP: 16/19 MP: 4/4
  1540 | D:2      | Reached ** piety under Trog
  2209 | D:2      | Reached XP level 4. HP: 14/23 MP: 5/5
  2430 | D:3      | HP: 1/23 [orc (4)]
  2934 | D:3      | Reached skill level 5 in Dodging
  3254 | D:3      | Reached XP level 5. HP: 25/28 MP: 6/6
  3572 | D:3      | Reached *** piety under Trog
  3586 | D:4      | Found a staircase to the Ecumenical Temple.
  3957 | D:4      | Noticed an ice beast
  3964 | D:4      | Killed an ice beast
  3964 | D:4      | Reached XP level 6. HP: 31/32 MP: 7/7
  4181 | D:4      | Gained mutation: You have large cloven feet. [potion of mutation]
  4181 | D:4      | Gained mutation: You occasionally shout uncontrollably at your foes. [potion of mutation]
  4182 | D:4      | Gained mutation: You are partially covered in molten scales. (AC +2) [potion of mutation]
  4182 | D:4      | Gained mutation: You are clumsy. (Dex -2) [potion of mutation]
  4183 | D:4      | Gained mutation: Your muscles are strong. (Str +2) [potion of mutation]
  4183 | D:4      | Gained mutation: Your spells are a little easier to cast, but a little less powerful. [potion of mutation]
  4183 | D:4      | Lost mutation: You occasionally shout uncontrollably at your foes. [potion of mutation]
  4184 | D:4      | Lost mutation: You are clumsy. (Dex -2) [potion of mutation]
  4184 | D:4      | Gained mutation: You tend to lose your temper in combat. [potion of mutation]
  4579 | D:4      | Found a runed door.
  4579 | D:4      | Noticed a human
  4593 | D:4      | Found a basalt altar of Yredelemnul.
  4707 | D:4      | Found Vopn's Antique Weapon Shoppe.
  4710 | D:4      | Bought an arbalest for 117 gold pieces
  5064 | D:5      | Entered Level 5 of the Dungeon
  5080 | D:5      | Got a translucent dagger
  5081 | D:5      | Identified the +9 dagger "Cuotes" {antimagic, rPois SInv} (You found it on level 5 of the Dungeon)
  5101 | D:5      | Found a bloodstained altar of Trog.
  5110 | D:5      | Found Hexov's Armour Boutique.
  5283 | D:5      | Reached skill level 1 in Crossbows
  5338 | D:5      | Reached skill level 1 in Short Blades
  5352 | D:5      | Reached XP level 7. HP: 36/36 MP: 2/8
  5625 | D:5      | Reached skill level 2 in Crossbows
  5764 | D:6      | Noticed graki42's ghost (novice OpMo)
  5775 | D:6      | Killed graki42's ghost
  5775 | D:6      | Reached skill level 3 in Crossbows
  6319 | D:7      | Reached skill level 4 in Crossbows
  6319 | D:7      | Reached XP level 8. HP: 42/42 MP: 5/9
  6549 | D:7      | Received a gift from Trog
  6791 | D:7      | Reached skill level 5 in Crossbows
  7621 | D:8      | Gained mutation: You are resistant to hostile enchantments. (MR+) [potion of beneficial mutation]
  7674 | D:8      | Reached **** piety under Trog
  7720 | D:8      | Reached skill level 6 in Crossbows
  7720 | D:8      | Reached XP level 9. HP: 45/46 MP: 3/10
  7766 | D:8      | Received a gift from Trog
  7830 | D:8      | Reached skill level 5 in Fighting
  7965 | D:8      | Reached skill level 5 in Short Blades
  8303 | D:8      | Reached skill level 7 in Crossbows
  8806 | D:9      | Found a staircase to the Lair.
  8806 | D:9      | Noticed an elephant
  8861 | D:9      | Killed an elephant
  9138 | D:9      | Reached skill level 10 in Dodging
  9179 | D:9      | Reached skill level 8 in Crossbows
  9207 | D:9      | Reached XP level 10. HP: 44/53 MP: 3/11
  9438 | D:10     | Entered Level 10 of the Dungeon
  9571 | D:10     | Noticed Josephine
  9583 | D:10     | Killed Josephine
  9705 | D:10     | Reached skill level 9 in Crossbows
  9957 | D:10     | Received a gift from Trog
 10729 | D:10     | Found Ygromeg's Armour Boutique.
 10867 | D:10     | Received a gift from Trog
 11105 | Lair:1   | Entered Level 1 of the Lair of Beasts
 11169 | Lair:1   | Found a frozen archway.
 11185 | IceCv    | Entered an ice cave
 11198 | IceCv    | Reached skill level 1 in Armour
 11201 | IceCv    | Reached XP level 11. HP: 47/57 MP: 4/12
 11219 | IceCv    | Reached skill level 10 in Crossbows
 12285 | IceCv    | graymark: Привет
 12285 | IceCv    | graymark: как с хавкой
 12288 | IceCv    | graymark: ?
 12296 | IceCv    | Goblin1989: пока норм
 12296 | IceCv    | Goblin1989: я затупил
 12296 | IceCv    | Goblin1989: понял что я в транк играю минут через 15 после н
 12296 | IceCv    | Goblin1989: того как поиграл
 12296 | IceCv    | Goblin1989: и у меня в руках был этот даггер
 12296 | IceCv    | Goblin1989: не квипнешься
 12296 | IceCv    | Goblin1989: пичалька
 12296 | IceCv    | Goblin1989: не люблю транк
 12296 | IceCv    | graymark: дык суициднись)
 12296 | IceCv    | Goblin1989: не
 12296 | IceCv    | Goblin1989: проверю докуда он дотянется
 12296 | IceCv    | Goblin1989: попробовать стоит хотя бы из-за арбалета
 12296 | IceCv    | Goblin1989: спригганы могут брать в руки триплет
 12296 | IceCv    | Goblin1989: хехе
 12297 | IceCv    | ololoev: yo gobber
 12351 | IceCv    | ololoev: в общем
 12365 | IceCv    | ololoev: мне бесполезно делать стрики
 12365 | IceCv    | Goblin1989: yo
 12365 | IceCv    | ololoev: слишком влом
 12365 | IceCv    | Goblin1989: а я тебе говорил не занимяться фигней
 12365 | IceCv    | Goblin1989: мог бы
 12365 | IceCv    | Goblin1989: если бы этого эша не взял
 12365 | IceCv    | ololoev: да чем тебе эш то не угодил?
 12365 | IceCv    | Soeti: пиздец. От тебе прокнул дагер збс
 12365 | IceCv    | ololoev: там что эш что не эш все равно
 12365 | IceCv    | Goblin1989: хепл бы вытянул даже с 0 паети
 12365 | IceCv    | ololoev: разве что трог бы спас
 12365 | IceCv    | ololoev: хепл бы не помог
 12365 | IceCv    | Goblin1989: самон же
 12365 | IceCv    | ololoev: лол
 12365 | IceCv    | graymark: а что за эш, простите?
 12365 | IceCv    | ololoev: ashenzhari
 12365 | IceCv    | graymark: а
 12365 | IceCv    | Goblin1989: да он стрик играл вчера
 12365 | IceCv    | Goblin1989: даггер на полу валялся
 12464 | IceCv    | ololoev: там были кобольд демонолог и орк сорк
 12472 | IceCv    | ololoev: призвали демонов всяких отстойных
 12472 | IceCv    | Goblin1989: шо? О_О
 12472 | IceCv    | ololoev: там с трогом то дай бог вытабалось
 12472 | IceCv    | Goblin1989: какой Д?
 12472 | IceCv    | ololoev: это как я вчера умер
 12472 | IceCv    | ololoev: это бейли был
 12472 | IceCv    | Goblin1989: ааааа
 12472 | IceCv    | ololoev: вообще я бы мог свалить
 12472 | IceCv    | ololoev: но я решил типа че
 12472 | IceCv    | ololoev: я же минотавр
 12472 | IceCv    | Soeti: Ололоев, пиздуй в чат в телегу
 12472 | IceCv    | ololoev: надо табать!
 12472 | IceCv    | ololoev: зачем?
 12472 | IceCv    | Goblin1989: ну в бэли у меня тут дракониан недавно помер здоровский
 12472 | IceCv    | ololoev: как там региться?
 12472 | IceCv    | ololoev: в этих телегах ваших?
 12472 | IceCv    | ololoev: там надо региться вообще?
 12478 | IceCv    | Soeti: Никак. Ставишь телеграм. Переходишь по ссылке. Всё.
 12492 | IceCv    | ololoev: куда ставишь?
 12492 | IceCv    | Goblin1989: так стоп
 12492 | IceCv    | Soeti: Да хоть десктоп, хоть мобила
 12492 | IceCv    | ololoev: ой влом еще что-то ставить
 12494 | IceCv    | ololoev: через веб нельзя?
 12504 | IceCv    | Soeti: МОжно
 12513 | IceCv    | ololoev: мне вчера влом было убежать, а ты ставить предлагаешь
 12517 | IceCv    | graymark: можно, я всегда через него сижу
 12639 | IceCv    | ololoev: гоббер
 12639 | IceCv    | Goblin1989: ?
 12643 | IceCv    | ololoev: чому всегда не ходишь с арбалетом?
 12646 | IceCv    | ololoev: нахер даггеры эти
 12646 | IceCv    | Goblin1989: хз
 12646 | IceCv    | Goblin1989: потому что транк
 12646 | IceCv    | ololoev: соети что там в вашем телеграме делать?
 12646 | IceCv    | Goblin1989: не люблю транк
 12646 | IceCv    | ololoev: почему?
 12646 | IceCv    | Goblin1989: не знаю
 12646 | IceCv    | ololoev: лол
 12646 | IceCv    | ololoev: вечно все так
 12646 | IceCv    | ololoev: транк отстой
 12646 | IceCv    | Goblin1989: версии кроула как девушки
 12646 | IceCv    | ololoev: и т.п.
 12646 | IceCv    | ololoev: а почему - не знают
 12646 | IceCv    | Goblin1989: вот смотриш на одну
 12646 | IceCv    | Soeti: Ты сначала зайди.
 12646 | IceCv    | Goblin1989: косалапая
 12646 | IceCv    | ololoev: зач?
 12646 | IceCv    | Goblin1989: а на другую смотришь - толсая
 12646 | IceCv    | Goblin1989: так я уж лучше на косолапую смотреть буду чем на толстую
 12646 | IceCv    | ololoev: лол
 12659 | IceCv    | ololoev: сколько душевных мук
 12788 | IceCv    | ololoev: рС есть то?
 12791 | IceCv    | ololoev: #
 12935 | IceCv    | Noticed a frost giant
 12949 | IceCv    | Reached skill level 11 in Crossbows
 12969 | IceCv    | graymark: 26 евейжена, а гиганту насрать
 13087 | IceCv    | Goblin1989: это мало
 13281 | Lair:1   | HP: 2/58 [blink frog (15)]
 13468 | Lair:1   | ololoev: ппц дилей у арбалета
 13471 | Lair:1   | ololoev: так даггер наверное и побольше дамага будет выдавать
 14104 | Lair:2   | Found a staircase to the Snake Pit.
 14136 | Lair:2   | Reached ***** piety under Trog
 14176 | Lair:2   | Reached skill level 12 in Crossbows
 14366 | Lair:2   | Reached XP level 12. HP: 61/63 MP: 4/13
 14773 | Lair:2   | Found a staircase to the Shoals.
 14881 | Lair:2   | Received a gift from Trog
 15559 | Lair:3   | Found a dark tunnel.
 15569 | Lair:3   | Reached skill level 10 in Short Blades
 15580 | Volcano  | Entered a volcano
 15596 | Volcano  | Noticed an ogre mage
 15606 | Volcano  | Found a radiant altar of Vehumet.
 15610 | Volcano  | Killed an ogre mage
 15614 | Volcano  | Noticed a red draconian
 15696 | Volcano  | HP: 1/63 [red draconian/searing blast (31)]
 15697 | Volcano  | Killed a red draconian
 16474 | Lair:3   | Reached skill level 13 in Crossbows
 16630 | Lair:3   | Noticed Urug
 16641 | Lair:3   | Killed Urug
 17037 | Lair:4   | Noticed Sonja
 17046 | Lair:4   | Killed Sonja
 17549 | Lair:4   | Noticed a death yak
 17550 | Lair:4   | Noticed a death yak
 17562 | Lair:4   | Noticed a death yak
 17563 | Lair:4   | Noticed a death yak
 17563 | Lair:4   | Noticed a death yak
 17626 | Lair:4   | Killed a death yak
 17655 | Lair:4   | Killed a death yak
 17793 | Lair:4   | Killed a death yak
 17793 | Lair:4   | Reached XP level 13. HP: 68/68 MP: 14/14
 18762 | Lair:5   | Received a gift from Trog
 18777 | Lair:5   | Found a staircase to the Slime Pits.
 19351 | Lair:6   | Entered Level 6 of the Lair of Beasts
 19430 | Lair:6   | Reached skill level 14 in Crossbows
 19436 | Lair:6   | Received a gift from Trog
 20774 | D:12     | Received a gift from Trog
 21161 | D:12     | Found a staircase to the Orcish Mines.
 21237 | D:12     | Received a gift from Trog
 21705 | Orc:1    | Entered Level 1 of the Orcish Mines
 21839 | Orc:2    | Entered Level 2 of the Orcish Mines
 21839 | Orc:2    | Noticed Azrael
 21852 | Orc:2    | HP: 1/70 [orc priest/divine providence[an orc knight] (13)]
 21853 | Orc:2    | Killed from afar by an orc priest

Vault maps used:
D:1:      onia_arrival_zoo_common, minmay_split_cup_large
D:3:      kennysheep_generic_room_9
D:4:      first_bread, serial_shops, kennysheep_mini, dk_yredelemnul_ordeal
D:5:      serial_shops, shop_statue, bloody_trog
D:7:      dk_vineyard_3
D:9:      david_lair_generic, minmay_variable_closet
D:10:     serial_shops, shop, uniq_josephine
D:11:     the_bakery
D:12:     kennysheep_orc_monster_closet_entryway
Lair:1:   portal_ice_cave_entry_pillars_1, ldierk_geyser
Lair:2:   elwin_shoals_entry_stream, minmay_snake_entry_six_corridors
Lair:3:   enter_volcano_3, serial_bayou_shore_a, infiniplex_staircase_pool_2,
          uniq_urug
Lair:4:   grunt_megastairs_3, uniq_sonja
Lair:5:   nicolae_slime_entry_slimehenge, grunt_forest_small_clearing_treed
Lair:6:   cheibrodos_lair_end_hotspot
Orc:1:    serial_shops, shop, nicolae_orc_pool_cavern
Orc:2:    st_orc_rangers, basic_altar, kennysheep_orc_chapel, uniq_azrael
IceCv:    ice_cave_caverns_02
Volcano:  kennysheep_volcano_temple

Skill      XL: |  1  2  3  4  5  6  7  8  9 10 11 12 13 |
---------------+----------------------------------------+-----
Maces & Flails | 3 4 |  4.7
Dodging        | 5 6 7 8 10 11 12 | 12.7
Fighting       | 3 4 5 6 7 8 9 |  9.0
Crossbows      | 1 4 6 8 9 12 13 14 | 14.6
Short Blades   | 1 3 4 6 7 8 11 | 11.0
Armour         | 1 2 3 |  3.7

Action                   |  1- 3 |  4- 6 |  7- 9 | 10-12 | 13-15 || total
-------------------------+-------+-------+-------+-------+-------++-------
Melee: Mace              |   133 |    29 |       |       |       ||   162
       Flail             |       |   227 |       |       |       ||   227
       Dagger            |       |    22 |   386 |   857 |   595 ||  1860
       Kick              |       |    18 |   110 |   318 |   204 ||   650
 Fire: Arbalest          |       |       |    39 |   177 |       ||   216
       Hand crossbow     |       |       |       |   105 |    79 ||   184
Invok: Trog's Hand       |       |     2 |       |     8 |       ||    10
       Berserk           |       |     1 |     1 |       |       ||     2
       Brothers in Arms  |       |       |       |     6 |     3 ||     9
       Burn Spellbooks   |       |       |       |     1 |       ||     1
Evoke: Wand              |       |       |       |     3 |       ||     3
  Use: Scroll            |       |    10 |     3 |    20 |     5 ||    38
       Potion            |       |     4 |     1 |     6 |     1 ||    12
 Stab: Sleeping          |     4 |     4 |       |     2 |       ||    10
       Distracted        |     1 |       |       |       |       ||     1
       Petrified         |       |       |       |     2 |       ||     2
  Eat: Pizza             |       |     1 |     1 |       |       ||     2
       Royal jelly       |       |     1 |     1 |       |       ||     2
       Bread ration      |       |       |     1 |     1 |       ||     2
       Fruit             |       |       |       |    12 |       ||    12
Armor: Animal skin       |    14 |    21 |    34 |    11 |       ||    80
       Troll leather arm |       |       |       |    91 |    42 ||   133
Dodge: Dodged            |   142 |   304 |   326 |   874 |   450 ||  2096

Vault maps used:
D:1:      onia_arrival_zoo_common, minmay_split_cup_large
D:3:      kennysheep_generic_room_9
D:4:      first_bread, serial_shops, kennysheep_mini, dk_yredelemnul_ordeal
D:5:      serial_shops, shop_statue, bloody_trog
D:7:      dk_vineyard_3
D:9:      david_lair_generic, minmay_variable_closet
D:10:     serial_shops, shop, uniq_josephine
D:11:     the_bakery
D:12:     kennysheep_orc_monster_closet_entryway
Lair:1:   portal_ice_cave_entry_pillars_1, ldierk_geyser
Lair:2:   elwin_shoals_entry_stream, minmay_snake_entry_six_corridors
Lair:3:   enter_volcano_3, serial_bayou_shore_a, infiniplex_staircase_pool_2,
          uniq_urug
Lair:4:   grunt_megastairs_3, uniq_sonja
Lair:5:   nicolae_slime_entry_slimehenge, grunt_forest_small_clearing_treed
Lair:6:   cheibrodos_lair_end_hotspot
Orc:1:    serial_shops, shop, nicolae_orc_pool_cavern
Orc:2:    st_orc_rangers, basic_altar, kennysheep_orc_chapel, uniq_azrael
IceCv:    ice_cave_caverns_02
Volcano:  kennysheep_volcano_temple
